 Dungeon Crawl Stone Soup version 0.31-a0-836-g3ceb0a68c4 (webtiles) character file.

Game seed: 4820167611973880206

415062 Pi314 the Spry (level 22, -1/187 HPs)
             Began as a Demonspawn Ice Elementalist on Sept 26, 2023.
             Was a High Priest of Ashenzari.
             Killed from afar by a yellow draconian annihilator (illusionary) (50 damage)
             ... with an iron shot
             ... on level 3 of the Abyss.
             The game lasted 03:03:08 (47125 turns).

Pi314 the Spry (Demonspawn Ice Elementalist)       Turns: 47125, Time: 03:03:08

Health: -1/187     AC: 21    Str: 18      XL:     22   Next: 54%
Magic:  22/40      EV: 24    Int: 20 (22) God:    Ashenzari [*****.]
Gold:   3898       SH: 10    Dex: 14      Spells: 6/50 levels left

rFire   + + .        f - +8 lajatang (distort)
rCold   + + +        (shield currently unavailable)
rNeg    . . .        x - +4 ring mail "I Knew You'd Do That" {rC+++ Will+, Comp, Self} (curse)
rPois   .            g - +4 helmet of Star-Bound Wisdom {Contam Rampage rElec Will+++, Elem, Bglg} (curse)
rElec   +            e - scarf of the Cryptic Lethargy {shadows, rF++, Elem, Melee} (curse)
rCorr   +            d - +2 pair of gloves "Shackled Together" {Str+3, Dev, Cun} (curse)
SInv    +            (boots unavailable)
Will    +++++        O - amulet of Ashenzari's Disgust {Regen+, Self, Alch} (curse)
Stlth   ++           k - ring "Repose of Ashenzari" {Will+ rCorr EV+5 Str+3 SInv, Self, Fort} (curse)
HPRegen 1.31/turn    v - ring "Share My Fortune-Teller" {Wiz, Bglg, Comp} (curse)
MPRegen 0.27/turn

%: clarity, rampage, wizardry (x1)
@: corroded, studying Fire Magic
A: hooves 3, large bone plates 2, foul stench 2, icemail 1, condensation shield,
corrupting presence 2, word of chaos, fangs 1, dopey 1
}: 2/15 runes: serpentine, barnacled
a: Word of Chaos, Renounce Religion, Curse Item, Shatter the Chains


You were on level 3 of the Abyss.
You worshipped Ashenzari.
Ashenzari was extremely pleased with you.
You visited 9 branches of the dungeon, and saw 40 of its levels.
You visited the Abyss 2 times.
You also visited: Sewer, Ice Cave and Wizlab.

You collected 5454 gold pieces.
You spent 1556 gold pieces at shops.

Inventory:

Hand Weapons
 f - a +8 lajatang of distortion (weapon)
 Y - a +0 demon whip of venom
Missiles
 c - a throwing net
Armour
 d - the cursed +2 pair of gloves "Shackled Together" (worn) {Str+3, Dev, Cun}
   (You found it on level 3 of the Dungeon)

   It has a curse which improves the following skills: Devices: Evocations and
   Shapeshifting.
   Cunning:   Dodging and Stealth.
 e - the cursed scarf of the Cryptic Lethargy (worn) {shadows, rF++, Elem, Melee}
   (You acquired it on level 1 of the Dungeon)

   rF++:      It greatly protects you from fire.
   It has a curse which improves the following skills: Elements: Fire Magic, Ice
   Magic, Air Magic and Earth Magic.
   Melee Combat: Short Blades, Long Blades, Axes, Maces & Flails, Polearms,
   Staves and Unarmed Combat.
 g - the cursed +4 helmet of Star-Bound Wisdom (worn) {Contam Rampage rElec Will+++, Elem, Bglg}
   (You acquired it on level 1 of the Dungeon)

   rElec:     It insulates you from electricity.
   Will+++:   It greatly increases your willpower.
   Contam:    It causes magical contamination when unequipped.
   Rampage:   It bestows one free step when moving towards enemies.
   It has a curse which improves the following skills: Elements: Fire Magic, Ice
   Magic, Air Magic and Earth Magic.
   Beguiling: Conjurations, Hexes and Translocations.
 x - the cursed +4 ring mail "I Knew You'd Do That" (worn) {rC+++ Will+, Comp, Self}
   (You found it on level 5 of the Dungeon)

   rC+++:     It renders you almost immune to cold.
   Will+:     It increases your willpower.
   It has a curse which improves the following skills: Companions: Summonings
   and Necromancy.
   Introspection: Fighting and Spellcasting.
Jewellery
 k - the cursed ring "Repose of Ashenzari" (left hand) {Will+ rCorr EV+5 Str+3 SInv, Self, Fort}
   (You acquired it on level 1 of the Dungeon)

   [ring of evasion]

   EV+5:      It affects your evasion (+5).
   Str+3:     It affects your strength (+3).
   Will+:     It increases your willpower.
   SInv:      It lets you see invisible.
   rCorr:     It protects you from acid and corrosion.
   It has a curse which improves the following skills: Introspection: Fighting
   and Spellcasting.
   Fortitude: Armour and Shields.
 q - a ring of flight
 v - the cursed ring "Share My Fortune-Teller" (right hand) {Wiz, Bglg, Comp}
   (You found it on level 7 of the Dungeon)

   [ring of wizardry]

   Wiz:       It improves your spell success rate.
   It has a curse which improves the following skills: Beguiling: Conjurations,
   Hexes and Translocations.
   Companions: Summonings and Necromancy.
 L - the amulet "Saulapi" {Acrobat rF+ Will+ Str+3 Dex+3}
   (You found it on level 1 of the Snake Pit)

   [amulet of the acrobat]

   Acrobat:   It increases your evasion while moving and waiting.
   Str+3:     It affects your strength (+3).
   Dex+3:     It affects your dexterity (+3).
   rF+:       It protects you from fire.
   Will+:     It increases your willpower.
 O - the cursed amulet of Ashenzari's Disgust (around neck) {Regen+, Self, Alch}
   (You found it on level 5 of the Lair of Beasts)

   [amulet of regeneration]

   Regen+:    It increases your rate of health regeneration.
   It has a curse which improves the following skills: Introspection: Fighting
   and Spellcasting.
   Alchemy:   Poison Magic and Transmutations.
 U - the ring "Teeronko" {rElec rPois Str-4 Dex-4 Stlth+}
   (You found it in a wizard's laboratory)

   [ring of poison resistance]

   Str-4:     It affects your strength (-4).
   Dex-4:     It affects your dexterity (-4).
   rElec:     It insulates you from electricity.
   rPois:     It protects you from poison Stlth+: It makes you more stealthy.
 X - a ring of positive energy
Talismans
 V - a dragon-blood talisman
 W - a granite talisman
Wands
 t - a wand of digging (4)
 y - a wand of charming (18)
 C - a wand of acid (19)
 E - a wand of mindburst (24)
 H - a wand of roots (10)
 R - a wand of flame (20)
Scrolls
 h - 9 scrolls of immolation
 j - 12 scrolls of fog
 l - 8 scrolls of teleportation
 n - 8 scrolls of amnesia
 s - 8 scrolls of enchant armour
 u - 3 scrolls of summoning
 z - 7 scrolls of revelation
 F - 4 scrolls of torment
 G - 3 scrolls of poison
 K - 5 scrolls of blinking
 M - 4 scrolls of fear
 N - 3 scrolls of silence
 Q - 6 scrolls of vulnerability
 S - a scroll of brand weapon
Potions
 a - a potion of heal wounds
 b - 3 potions of magic
 i - 4 potions of invisibility
 m - 14 potions of curing
 o - 6 potions of might
 p - 4 potions of mutation
 r - 3 potions of resistance
 w - 5 potions of haste
 A - 8 potions of berserk rage
 B - 7 potions of enlightenment
 D - 3 potions of ambrosia
 I - 4 potions of attraction
 J - 6 potions of lignification
 P - 6 potions of brilliance
Miscellaneous
 T - a sack of spiders


   Skills:
 + Level 15.0(19.1) Fighting
 - Level 3.1(9.9) Maces & Flails
 + Level 13.1(15.3) Staves
 + Level 11.7(13.8) Armour
 + Level 15.8(17.8) Dodging
 - Level 2.0(3.6) Stealth
 - Level 10.4(14.5) Spellcasting
 + Level 6.7(9.9) Conjurations
 - Level 4.7(7.7) Summonings
 + Level 10.3(13.4) Necromancy
 + Level 9.8(13.0) Translocations
 + Level 10.3(13.5) Fire Magic
 + Level 10.9(14.0) Ice Magic
 + Level 13.3(15.3) Evocations
 - Level 13.6(15.6) Shapeshifting


You had 6 spell levels left.
You knew the following spells:

 Your Spells              Type           Power      Damage    Failure   Level
a - Freeze                Ice            100%       1d10      0%          1
b - Frozen Ramparts       Ice            100%       1d16      1%          3
c - Ozocubu's Armour      Ice            63%        N/A       1%          3
d - Blink                 Tloc           100%       N/A       1%          2
e - Manifold Assault      Tloc           61%        N/A       1%          4
f - Summon Ice Beast      Ice/Summ       55%        N/A       1%          4
g - Sublimation of Blood  Necr           62%        N/A       1%          2
h - Simulacrum            Ice/Necr       31%        N/A       1%          6
i - Fireball              Conj/Fire      28%        3d12      1%          5
j - Flame Wave            Conj/Fire      57%        2d14      1%          4
k - Dispel Undead         Necr           62%        3d22      1%          4
l - Lesser Beckoning      Tloc           100%       N/A       1%          2
m - Passage of Golubria   Tloc           61%        N/A       1%          4

Your spell library contained the following spells:

 Spells                   Type           Power      Damage    Failure   Level
 Apportation              Tloc           100%       N/A       1%          1
 Foxfire                  Conj/Fire      100%       2x1d9     1%          1
 Kiss of Death            Conj/Necr      100%       2d13      1%          1
 Shock                    Conj/Air       100%       1d9       1%          1
 Momentum Strike          Conj/Tloc      100%       3d10      1%          2
 Scorch                   Fire           100%       2d9       1%          2
 Static Discharge         Conj/Air       70%        2-5/arc   1%          2
 Call Canine Familiar     Summ           45%        N/A       1%          3
 Gell's Gravitas          Tloc           61%        N/A       1%          3
 Ignite Poison            Fire/Tmut/Pois 33%        N/A       1%          3
 Inner Flame              Hex/Fire       42%        N/A       1%          3
 Summon Guardian Golem    Hex/Summ       30%        N/A       1%          3
 Teleport Other           Tloc           61%        N/A       1%          3
 Dimensional Bullseye     Hex/Tloc       20%        N/A       1%          4
 Iskenderun's Mystic Bla  Conj/Tloc      57%        2d12      1%          4
 Iskenderun's Battlesphe  Conj           53%        2d10      1%          5
 Sting                    Tmut/Pois      60%        1d6       2%          1
 Jinxbite                 Hex            32%        N/A       3%          2
 Wereblood                Tmut           15%        N/A       3%          2
 Brom's Barrelling Bould  Conj/Erth      35%        2d5       3%          4
 Starburst                Conj/Fire      28%        6d9       3%          6
 Metabolic Englaciation   Hex/Ice        21%        N/A       4%          5
 Confusing Touch          Hex            16%        N/A       7%          3
 Sigil of Binding         Hex            16%        N/A       7%          3
 Swiftness                Air            16%        N/A       7%          3
 Tukima's Dance           Hex            16%        N/A       7%          3
 Summon Mana Viper        Hex/Summ       30%        N/A       14%         5
 Summon Cactus Giant      Summ           22%        N/A       16%         6
 Airstrike                Air            8%         2d(2-18)  22%         4
 Leda's Liquefaction      Hex/Erth       8%         N/A       22%         4
 Petrify                  Tmut/Erth      15%        N/A       22%         4
 Plasma Beam              Fire/Air       21%        2x1d33    22%         6
 Olgreb's Toxic Radiance  Pois           15%        N/A       24%         4
 Bombard                  Conj/Erth      17%        9d4       43%         6
 Conjure Ball Lightning   Conj/Air       17%        3x3d6     43%         6
 Silence                  Hex/Air        8%         N/A       50%         5
 Alistair's Intoxication  Tmut/Pois      10%        N/A       52%         5
 Yara's Violent Unravell  Hex/Tmut       7%         3d5       52%         5
 Orb of Destruction       Conj           26%        9d9       34%         7
 Disjunction              Tloc           30%        N/A       61%         8
 Summon Hydra             Summ           22%        N/A       65%         7
 Enfeeble                 Hex            8%         N/A       100%        7
 Discord                  Hex            8%         N/A       100%        8
 Lehudib's Crystal Spear  Conj/Erth      17%        10d5      100%        8
 Chain Lightning          Conj/Air       17%        3d23      100%        9
 Fire Storm               Conj/Fire      28%        8d7       100%        9
 Shatter                  Erth           8%         3d10*     100%        9


Dungeon Overview and Level Annotations

Branches:
Dungeon (15/15)            Temple (1/1) D:4            Lair (5/5) D:9
 Shoals (4/4) Lair:3        Snake (4/4) Lair:2        Slime (0/5) Lair:5
    Orc (2/2) D:9             Elf (3/3) Orc:2        Vaults (5/5) D:14
  Crypt (0/3) Vaults:2     Depths (1/4) D:15          Sewer (visited)
  IceCv (visited)          WizLab (visited)

Altars:
Ashenzari
Cheibriados
Dithmenos
Fedhas
Gozag
Hepliaklqana
Kikubaaqudgha
Makhleb
Nemelex Xobeh
Okawaru
Qazlal
Ru
Sif Muna
Trog
Uskayaw
Vehumet
Wu Jian
Xom
Yredelemnul
Jiyva

Shops:
D:2 =   D:3 !   D:7 (   Orc:2 =([[(   Elf:3 !!   Vaults:4 =

Portals:
Hell: Depths:1
Abyss: Depths:1
Trove: D:11 (give +2 shadow dragon scales)

Annotations:
D:12 3 runed translucent doors
Elf:2 3 runed translucent doors
Abyss:1 Agnes, Jorgrun


Innate Abilities, Weirdness & Mutations

You have hooves in place of feet.
You are mostly covered in large bone plates. (SH +6)
You sometimes emit foul miasma when damaged in melee.
A meltable icy envelope protects you from harm. (AC +4)
A meltable shield of frost defends you. (SH +4)
Your presence sometimes corrodes or deforms those you injure.
You can speak a Word of Chaos.
You have very sharp teeth.
You are dopey. (Int -2)


Message History

You hear a bellow!
You rampage towards the eye of devastation!
You hit the eye of devastation.
You kick the eye of devastation, but do no damage.
The eye of devastation is heavily wounded.
The eye of devastation blinks!
The yellow draconian annihilator gestures at you while chanting.
The bolt of lightning hits you. You resist.
The eye of devastation gazes at you. The bolt of energy hits you!!
A rakshasa comes into view. It is wielding a +0 long sword.
A golden eye comes into view.
The yellow draconian annihilator spits acid at you.
The glob of acid misses you.
The golden eye turns its gaze towards you.
You rampage towards the eye of devastation!
You chop the eye of devastation into pieces!!!
You kill the eye of devastation!
The golden eye blinks at you. You resist with almost no effort.
The yellow draconian annihilator gestures at you while chanting.
The poison arrow hits you!!
You are poisoned.
* * * LOW HITPOINT WARNING * * *
You feel better. The golden eye blinks at you.
You resist with almost no effort.
The rakshasa weaves an illusion.
The yellow draconian annihilator shimmers and seems to become two!
You rampage towards the yellow draconian annihilator!
A golden eye comes into view.
You slice the yellow draconian annihilator!!
Space warps around the yellow draconian annihilator.
Your kick misses the yellow draconian annihilator.
The yellow draconian annihilator is severely wounded.
The yellow draconian annihilator casts a spell.
The yellow draconian annihilator blinks!
The yellow draconian annihilator points at you and mumbles some strange words.
The iron shot hits you!!!
You die...

,+,*,**,,,,**,,,*,,*
,+∩***,,,*,,*,,,**** ,,
+,###.........#.#** **
*,#....#.........,,
,,,,*............#,,,
,,,,*#...#..R....##,,
*,,*###.#..........#**
,,#..............#*, *,
,**#......@§q....*, ~~
*,,*,,#.............,,
,,,{**#.............*,
~
*,*,,*##.......G....,,
~,*
,,,*,*#.#..........,, ,
,,,,*#........~....,, ~
** ,,,*##...........G,,
,*#*#***..........,.,,,
, ♣
,#,*#.#.##.....#,,,,


You could see a yellow draconian annihilator (catching breath, simulacrum), a
rakshasa and 2 golden eyes.

Vanquished Creatures
  An ancient lich (Vaults:4)
  Vashnia (Abyss:1)
  Jory (Vaults:3)
  Nikola (Snake:2)
  3 bone dragons (Abyss:3)
  Rupert (D:12)
  Mlioglotl (Shoals:3)
  2 liches
  A moon troll (WizLab)
  A tentacled monstrosity (Vaults:4)
  A deep elf blademaster (Elf:2)
  A kraken (Shoals:1)
  3 sphinxes
  Frances (Snake:2)
  5 tentacled starspawn
  A fire giant (Vaults:2)
  A frost giant (IceCv)
  4 deep elf sorcerers
  5 vault wardens
  A draconian scorcher (Abyss:3)
  2 curse skulls (Vaults:2)
  A draconian annihilator (Abyss:3)
  2 orc warlords
  3 balrugs (Abyss:3)
  A reaper (Abyss:3)
  5 ironbound preservers
  3 war gargoyles
  3 stone giants (WizLab)
  2 formless jellyfish (Vaults:1)
  8 very ugly things
  7 ironbound thunderhulks
  7 dire elephants
  Nessos (D:12)
  Azrael (D:13)
  A minotaur (Shoals:4)
  An eidolon (Vaults:2)
  3 crystal guardians
  A blizzard demon (Abyss:3)
  An ettin (Vaults:3)
  An entropy weaver (Vaults:3)
  2 fire dragons
  8 yaktaur captains
  2 merfolk impalers
  Josephine (D:13)
  A rakshasa (Depths:1)
  5 great orbs of eyes
  8 vault guards
  Erolcha (D:9)
  7 centaur warriors
  8 anacondas
  5 peacekeepers
  An ogre mage (Vaults:1)
  4 hydras
  An anaconda (shapeshifter) (D:14)
  A caustic shrike simulacrum (Abyss:3)
  5 salamander tyrants
  4 ironbound frosthearts
  An alligator snapping turtle (Shoals:4)
  4 boulder beetles
  17 dancing weapons
  5 two-headed ogres
  8 satyrs
  6 shock serpents
  7 naga warriors
  9 naga sharpshooters
  7 death yaks
  5 thrashing horrors (Abyss:3)
  11 deep elf knights
  6 skysharks
  A shadow wraith (Abyss:3)
  A hell knight (Abyss:3)
  5 sea snakes
  3 wretched stars (Abyss:3)
  5 salamander mystics
  10 deep trolls
  2 orange crystal statues
  A tengu zombie (Vaults:1)
  10 glowing orange brains
  11 orc knights
  22 deep elf zephyrmancers
  2 necromancers
  22 deep elf pyromancers
  6 wizards
  14 ironbound convokers
  7 mana vipers
  4 deep elf archers
  13 harpies
  9 lindwurms
  3 orc sorcerers
  9 manticores
  27 ugly things
  An oklob plant (Snake:1)
  15 salamanders
  3 cyclopes
  9 elephants
  An ice statue (Abyss:1)
  26 slime creatures
  4 water nymphs
  3 merfolk sirens
  12 fauns
  17 black mambas
  2 apocalypse crabs (Abyss:3)
  7 guardian serpents
  An alligator snapping turtle zombie (Abyss:3)
  15 vault sentinels
  5 eyes of devastation
  3 torpor snails
  6 smoke demons (Abyss:3)
  13 cane toads
  10 large abominations
  4 naga magi
  4 unseen horrors
  A kobold demonologist (D:10)
  8 komodo dragons
  Psyche (D:8)
  22 yaktaurs
  A tengu conjurer (Depths:1)
  2 rime drakes
  An efreet (Abyss:3)
  5 trolls
  4 ancient zymes (Abyss:3)
  12 merfolk
  6 wind drakes
  A meliai (shapeshifter) (D:14)
  3 meliai (D:13)
  15 polar bears
  10 hornets
  3 tyrant leeches (Lair:5)
  A tarantella (Vaults:3)
  4 dream sheep
  21 blink frogs
  3 raiju (Abyss:3)
  3 snapping turtles
  An ettin skeleton (Vaults:2)
  A spriggan (Depths:1)
  An elf simulacrum (Vaults:1)
  6 water elementals
  A wyvern (D:9)
  7 wraiths
  2 shadows (D:10)
  7 ynoxinuls (Abyss:3)
  40 yaks
  A chaos spawn (Abyss:3)
  A fire bat (Abyss:3)
  7 basilisks
  7 neqoxecs
  6 fire elementals
  A redback (Vaults:3)
  3 steam dragons
  7 vampire mosquitoes
  A redback simulacrum (D:15)
  22 nagas
  2 wargs (D:15)
  Menkaure (D:4)
  An acid dragon (Lair:5)
  4 water moccasins
  6 hydra simulacra (Depths:1)
  3 hell hounds (D:13)
  3 swamp drakes (Lair:5)
  2 human zombies (Vaults:2)
  An ice beast (D:7)
  A black bear (shapeshifter) (Elf:1)
  30 orc warriors
  4 sky beasts
  3 black bears (D:4)
  2 ogres
  8 small abominations (Abyss:3)
  22 wolves
  25 centaurs
  5 boggarts (D:15)
  2 kobold brigands
  A human skeleton (Vaults:1)
  2 earth elementals
  9 bullfrogs
  A gnoll sergeant (D:5)
  4 scorpions
  A wight (Abyss:3)
  5 electric eels
  3 howler monkeys
  2 quasits (Abyss:3)
  6 lava snakes
  A gnoll bouda (D:6)
  15 jellies
  15 orc priests
  Crazy Yiuf (D:3)
  3 hounds
  23 starcursed masses
  3 iron imps (Abyss:3)
  5 sleepcaps
  9 iguanas
  20 orc wizards
  10 adders
  10 gnolls
  A river rat (D:4)
  2 shadow imps
  13 white imps
  2 ufetubi
  3 dart slugs
  70 orcs
  10 ball pythons
  5 bats
  9 endoplasms
  A giant cockroach (D:1)
  6 hobgoblins
  8 jackals
  16 kobolds
  4 quokkas
  4 goblins
  5 rats
  5 starspawn tentacles
  3 tentacles (Shoals:1)
1278 creatures vanquished.

Vanquished Creatures (collateral kills)
  A bone dragon (Abyss:3)
  Asterion (Vaults:2)
  2 sphinxes
  Polyphemus (Shoals:4)
  7 tentacled starspawn
  A nagaraja (Snake:2)
  2 vault wardens
  A cacodemon (Abyss:1)
  4 ironbound preservers
  An ironbound thunderhulk (Vaults:2)
  12 very ugly things
  2 war gargoyles (WizLab)
  A stone giant (Depths:1)
  4 dire elephants
  A minotaur (Shoals:4)
  An ettin (Depths:1)
  3 yaktaur captains
  2 great orbs of eyes
  A merfolk impaler (Shoals:2)
  2 salamander tyrants
  A hydra (Lair:5)
  A peacekeeper (Vaults:4)
  7 anacondas
  2 vault guards
  A rakshasa (Depths:1)
  A catoblepas (Shoals:4)
  2 ironbound frosthearts
  6 satyrs (Shoals:4)
  2 dancing weapons
  4 two-headed ogres (Vaults:1)
  A boulder beetle (Vaults:2)
  A merfolk aquamancer (Shoals:2)
  6 naga warriors
  2 thrashing horrors (Abyss:3)
  3 death yaks (Shoals:4)
  A vampire mage (Depths:1)
  5 naga sharpshooters
  2 shock serpents
  A spriggan berserker (Depths:1)
  A deep elf knight (Elf:1)
  2 skysharks
  3 salamander mystics (Snake:4)
  A spriggan rider (Depths:1)
  2 deep elf archers (Elf:2)
  7 deep trolls
  5 sea snakes
  5 naga ritualists
  5 ironbound convokers (Vaults:2)
  A wizard (Vaults:1)
  5 deep elf zephyrmancers
  A lindwurm (Vaults:2)
  4 deep elf pyromancers
  2 orc knights
  6 harpies
  3 mana vipers
  8 fauns
  15 salamanders
  5 manticores
  11 ugly things
  An apocalypse crab (Abyss:3)
  6 vault sentinels
  15 black mambas
  5 water nymphs
  3 guardian serpents
  A rust devil (Abyss:3)
  7 naga magi
  A smoke demon (Abyss:3)
  A torpor snail (Abyss:1)
  8 yaktaurs
  4 tengu conjurers (Depths:1)
  3 wind drakes
  2 hornets (Depths:1)
  8 merfolk
  3 snapping turtles
  4 raiju (Abyss:3)
  4 water elementals
  A spriggan (Depths:1)
  A ynoxinul (Abyss:3)
  4 slime creatures
  A wraith (Vaults:2)
  2 fire elementals
  16 starcursed masses (Abyss:3)
  6 large abominations (Abyss:3)
  A fire bat (Abyss:3)
  A neqoxec (WizLab)
  13 nagas
  A hydra simulacrum (Depths:1)
  An orc warrior (D:15)
  2 ogres (Vaults:1)
  An electric eel (Elf:3)
  2 quasits (Abyss:3)
  2 jellies (Lair:5)
  3 small abominations (Abyss:3)
  4 starspawn tentacles
329 creatures vanquished.

Vanquished Creatures (others)
  An ironbound thunderhulk (Vaults:2)
  An ice dragon (Depths:1)
  A harpy (Shoals:4)
  An apocalypse crab (Abyss:3)
  A jackal zombie (D:4)
  An orc zombie (D:4)
  2 lurking horrors (Abyss:3)
  38 starspawn tentacles
  13 tentacles
59 creatures vanquished.

Grand Total: 1666 creatures vanquished

Notes
Turn   | Place    | Note
-------+----------+-------------------------------------------
     0 | D:1      | Pi314 the Demonspawn Ice Elementalist began the quest for
                  | the Orb.
     0 | D:1      | Reached XP level 1. HP: 13/13 MP: 3/3
   127 | D:1      | Gained mutation: A meltable shield of frost defends you.
                  | (SH +4) [demonic ancestry]
   127 | D:1      | Reached XP level 2. HP: 18/19 MP: 0/5
   193 | D:1      | Identified 3 scrolls of acquirement
   193 | D:1      | Acquired the +4 helmet "Vummegoh" {Contam Rampage rElec
                  | Will+++}
   427 | D:1      | Acquired the ring "Ziejesod" {Will+ rCorr EV+5 Str+3 SInv}
   463 | D:1      | Reached skill level 1 in Fighting
   688 | D:1      | Reached XP level 3. HP: 24/26 MP: 1/6
   823 | D:1      | Learned a level 3 spell: Frozen Ramparts
   831 | D:2      | Found Cebane's Jewellery Boutique.
  1416 | D:3      | Found a burning altar of Makhleb.
  1419 | D:3      | Found a hide-covered altar of Uskayaw.
  1508 | D:3      | Got a weird book
  1513 | D:3      | Learned a level 3 spell: Ozocubu's Armour
  1698 | D:3      | Reached XP level 4. HP: 33/33 MP: 5/8
  1826 | D:3      | Found Nusieddy's Distillery.
  1848 | D:3      | Acquired the scarf of Anarchy {shadows, rF++}
  1951 | D:3      | Found a runed translucent door.
  1952 | D:3      | Noticed Crazy Yiuf
  1960 | D:3      | Killed Crazy Yiuf
  2071 | D:3      | Gained mutation: You may rarely emit foul miasma when
                  | damaged in melee. [demonic ancestry]
  2071 | D:3      | Reached XP level 5. HP: 32/39 MP: 5/9
  2419 | D:4      | Noticed a black bear
  2427 | D:4      | Killed a black bear
  2428 | D:4      | Gained mutation: You are partially covered in large bone
                  | plates. (SH +4) [demonic ancestry]
  2428 | D:4      | Reached XP level 6. HP: 47/47 MP: 1/11
  2567 | D:4      | Reached skill level 5 in Ice Magic
  2724 | D:4      | Found a glowing drain.
  2724 | D:4      | Noticed Menkaure
  2737 | D:4      | Gained mutation: You are occasionally teleported next to
                  | monsters. [potion of mutation]
  2737 | D:4      | Gained mutation: You are clumsy. (Dex -2) [potion of
                  | mutation]
  2737 | D:4      | Gained mutation: You have sharp toenails. [potion of
                  | mutation]
  2740 | D:4      | Killed Menkaure
  2741 | D:4      | Lost mutation: You have sharp toenails. [demonic ancestry]
  2741 | D:4      | Gained mutation: You have large cloven feet. [demonic
                  | ancestry]
  2741 | D:4      | Reached XP level 7. HP: 40/54 MP: 7/13
  2741 | D:4      | Acquired a +0 lajatang of distortion
  2770 | D:4      | Found a staircase to the Ecumenical Temple.
  2781 | Temple   | Entered the Ecumenical Temple
  2793 | Temple   | Learned a level 2 spell: Blink
  2799 | Temple   | Became a worshipper of Ashenzari the Shackled
  2838 | Sewer    | Entered a sewer
  3255 | D:4      | Lost mutation: You are occasionally teleported next to
                  | monsters. [potion of mutation]
  3255 | D:4      | Lost mutation: You are clumsy. (Dex -2) [potion of
                  | mutation]
  3255 | D:4      | Gained mutation: You passively map a small area around you.
                  | [potion of mutation]
  3255 | D:4      | Gained mutation: Your spells are a little harder to cast,
                  | but a little more powerful. [potion of mutation]
  3255 | D:4      | Gained mutation: Your magical capacity is low. (-10% MP)
                  | [potion of mutation]
  3256 | D:4      | Found a sparkling altar of Nemelex Xobeh.
  3263 | D:4      | Reached skill level 1 in Staves
  3265 | D:4      | Reached skill level 1 in Translocations
  3443 | D:5      | Entered Level 5 of the Dungeon
  3613 | D:5      | Found a sacrificial altar of Ru.
  3660 | D:5      | Identified the +4 ring mail of the Stars {rC+++ Will+}
  3713 | D:5      | Gained mutation: You sometimes emit foul miasma when
                  | damaged in melee. [demonic ancestry]
  3713 | D:5      | Reached XP level 8. HP: 52/61 MP: 13/13
  3945 | D:5      | Found an ancient bone altar of Kikubaaqudgha.
  3945 | D:5      | Found a shimmering blue altar of Sif Muna.
  3946 | D:5      | Found a radiant altar of Vehumet.
  3951 | D:5      | Got a colourful book
  4223 | D:6      | Reached skill level 5 in Fighting
  4254 | D:6      | Reached * piety under Ashenzari
  4548 | D:6      | Noticed a troll
  4554 | D:6      | Killed a troll
  4555 | D:6      | Reached skill level 5 in Dodging
  5044 | D:6      | Reached XP level 9. HP: 71/71 MP: 15/15
  5338 | D:6      | Reached ** piety under Ashenzari
  5517 | D:6      | Learned a level 4 spell: Manifold Assault
  5584 | D:7      | Reached skill level 1 in Armour
  5732 | D:7      | Found Nenadili's Weapon Boutique.
  6727 | D:8      | Noticed Psyche
  6735 | D:8      | Killed Psyche
  6926 | D:8      | Noticed a two-headed ogre
  6945 | D:8      | Killed a two-headed ogre
  6946 | D:8      | Reached XP level 10. HP: 50/80 MP: 0/16
  7092 | D:8      | Reached skill level 5 in Staves
  7092 | D:8      | Reached skill level 5 in Translocations
  7300 | D:9      | Found a stormy altar of Qazlal.
  7331 | D:9      | Noticed a death yak
  7333 | D:9      | Noticed Erolcha
  7343 | D:9      | Killed a death yak
  7354 | D:9      | Found a staircase to the Lair.
  7369 | D:9      | Killed Erolcha
  7400 | D:9      | Noticed a manticore
  7407 | D:9      | Killed a manticore
  7544 | D:9      | Found an iron altar of Okawaru.
  7631 | D:9      | Found a staircase to the Orcish Mines.
  7742 | D:9      | Paralysed by a hornet for 1 turns
  7748 | D:9      | Noticed an elephant
  7751 | D:9      | Noticed an elephant
  7751 | D:9      | Noticed an elephant
  7764 | D:9      | Killed an elephant
  7765 | D:9      | Reached XP level 11. HP: 85/89 MP: 11/17
  8041 | D:9      | Reached skill level 5 in Armour
  8346 | D:10     | Entered Level 10 of the Dungeon
  8359 | D:10     | You fall into a shaft and drop 1 floor!
  8375 | D:11     | Found a portal to a secret trove of treasure.
  8436 | D:11     | Noticed a two-headed ogre
  8440 | D:11     | Killed a two-headed ogre
  8634 | D:11     | Noticed a boulder beetle
  8652 | D:11     | Killed a boulder beetle
  9228 | D:10     | Noticed a two-headed ogre
  9229 | D:10     | Banished a two-headed ogre
  9235 | D:10     | Learned a level 4 spell: Summon Ice Beast
  9369 | D:10     | Identified the +0 ring mail of the Great Game {Will+ Str+3}
  9458 | D:10     | Noticed a two-headed ogre
  9462 | D:10     | Killed a two-headed ogre
  9548 | D:10     | Reached skill level 1 in Summonings
  9968 | D:10     | Gained mutation: You have hoof-like feet. [demonic
                  | ancestry]
  9968 | D:10     | Reached XP level 12. HP: 98/98 MP: 18/18
 10080 | Lair:1   | Entered Level 1 of the Lair of Beasts
 10196 | Lair:1   | Noticed a boulder beetle
 10211 | Lair:1   | Reached skill level 5 in Spellcasting
 10237 | Lair:1   | Killed a boulder beetle
 10665 | Lair:1   | Noticed a death yak
 10666 | Lair:1   | Noticed a death yak
 10667 | Lair:1   | Noticed a death yak
 10676 | Lair:1   | Banished a death yak
 10683 | Lair:1   | Noticed a death yak
 10692 | Lair:1   | Killed a death yak
 10696 | Lair:1   | Killed a death yak
 10700 | Lair:1   | Killed a death yak
 11221 | Lair:2   | Reached skill level 10 in Fighting
 11671 | Lair:2   | Gained mutation: You are mostly covered in large bone
                  | plates. (SH +6) [demonic ancestry]
 11671 | Lair:2   | Reached XP level 13. HP: 106/106 MP: 21/21
 11914 | Lair:2   | Found a staircase to the Snake Pit.
 12404 | Lair:3   | Found a staircase to the Shoals.
 12827 | Lair:3   | Reached *** piety under Ashenzari
 13021 | Lair:3   | Learned a level 2 spell: Sublimation of Blood
 13629 | Lair:4   | Reached skill level 1 in Necromancy
 14174 | Lair:5   | Entered Level 5 of the Lair of Beasts
 14196 | Lair:5   | Learned a level 6 spell: Simulacrum
 14198 | Lair:5   | Reached **** piety under Ashenzari
 14461 | Lair:5   | Reached skill level 1 in Evocations
 14517 | Lair:5   | Reached skill level 10 in Dodging
 14522 | Lair:5   | Found a frozen archway.
 14537 | IceCv    | Entered an ice cave
 14821 | IceCv    | Gained mutation: A meltable icy envelope protects you from
                  | harm. (AC +4) [demonic ancestry]
 14821 | IceCv    | Reached XP level 14. HP: 118/118 MP: 20/25
 14983 | IceCv    | Noticed a frost giant
 15005 | IceCv    | Killed a frost giant
 15804 | Lair:5   | Found a viscous altar of Jiyva.
 15805 | Lair:5   | Found a staircase to the Slime Pits.
 16039 | Lair:5   | Found a runed translucent door.
 16114 | Lair:5   | Identified the +0 scale mail "Mafe" {rPois Int+3}
 16843 | D:12     | Noticed Nessos
 16864 | D:12     | Killed Nessos
 17066 | D:12     | Noticed Rupert
 17092 | D:12     | Killed Rupert
 17295 | D:12     | Found a runed translucent door.
 17310 | D:12     | Found a runed translucent door.
 17329 | D:12     | Found a runed translucent door.
 17367 | D:12     | Found a runed translucent door.
 17409 | D:12     | Reached skill level 5 in Necromancy
 17481 | D:12     | Noticed Jorgrun
 17492 | D:12     | Banished Jorgrun
 17663 | D:12     | Learned a level 5 spell: Fireball
 17781 | D:12     | Reached ***** piety under Ashenzari
 18103 | D:13     | Noticed Josephine
 18114 | D:13     | Killed Josephine
 18115 | D:13     | Reached skill level 1 in Fire Magic
 18252 | D:13     | Reached skill level 1 in Conjurations
 18442 | D:13     | Reached XP level 15. HP: 130/130 MP: 28/28
 18495 | D:13     | Noticed Azrael
 18511 | D:13     | Killed Azrael
 18569 | D:13     | Reached skill level 10 in Staves
 18800 | D:14     | Identified the Vellum of Viperous Momentum
 18800 | D:14     | Identified the +7 lajatang of Pi314's Execution {elec, rF+
                  | SInv}
 18868 | D:14     | Found a gate to the Vaults.
 19072 | D:14     | Reached skill level 1 in Shapeshifting
 19341 | D:14     | Reached skill level 5 in Evocations
 19759 | D:15     | Entered Level 15 of the Dungeon
 20321 | D:15     | Found a staircase to the Depths.
 20858 | Orc:1    | Entered Level 1 of the Orcish Mines
 20892 | Orc:2    | Entered Level 2 of the Orcish Mines
 21055 | Orc:2    | Found Noenav's Firing Range.
 21219 | Orc:2    | Found Cuavof's Antique Weapon Shoppe.
 21219 | Orc:2    | Found Ydeann's Armour Boutique.
 21220 | Orc:2    | Found Rufucw's Antique Armour Shop.
 21222 | Orc:2    | Found Taffadi's Jewellery Emporium.
 21558 | Orc:2    | Found a staircase to the Elven Halls.
 21724 | Orc:2    | Learned a level 4 spell: Flame Wave
 21854 | Shoals:1 | Entered Level 1 of the Shoals
 22647 | Shoals:1 | Lost mutation: You passively map a small area around you.
                  | [potion of mutation]
 22647 | Shoals:1 | Lost mutation: Your magical capacity is low. (-10% MP)
                  | [potion of mutation]
 22647 | Shoals:1 | Gained mutation: Your spells are harder to cast, but more
                  | powerful. [potion of mutation]
 22647 | Shoals:1 | Gained mutation: You are occasionally teleported next to
                  | monsters. [potion of mutation]
 22647 | Shoals:1 | Gained mutation: Your mind is acute. (Int +4, Str/Dex -1)
                  | [potion of mutation]
 22648 | Shoals:1 | Lost mutation: You are occasionally teleported next to
                  | monsters. [potion of mutation]
 22648 | Shoals:1 | Lost mutation: Your spells are harder to cast, but more
                  | powerful. [potion of mutation]
 22648 | Shoals:1 | Gained mutation: Your muscles are strong. (Str +4, Int/Dex
                  | -1) [potion of mutation]
 22648 | Shoals:1 | Gained mutation: You occasionally shout uncontrollably at
                  | your foes. [potion of mutation]
 22648 | Shoals:1 | Gained mutation: Your spells are harder to cast, but more
                  | powerful. [potion of mutation]
 22750 | Shoals:1 | Reached XP level 16. HP: 138/138 MP: 17/32
 22977 | Shoals:1 | Noticed a kraken
 23008 | Shoals:1 | Killed a kraken
 24143 | Shoals:2 | Reached skill level 10 in Evocations
 24389 | Shoals:3 | Noticed a kraken
 24517 | Shoals:3 | Noticed Mlioglotl
 24529 | Shoals:3 | Noticed a tentacled starspawn
 24596 | Shoals:3 | Killed Mlioglotl
 25500 | Shoals:4 | Entered Level 4 of the Shoals
 25691 | Shoals:4 | Identified the +8 chain mail of the Frog {rElec Int+4}
 25786 | Shoals:4 | Noticed Polyphemus
 25793 | Shoals:4 | Killed Polyphemus
 25855 | Shoals:3 | Reached skill level 5 in Shapeshifting
 26058 | Shoals:4 | Gained mutation: Your presence sometimes corrodes those you
                  | injure. [demonic ancestry]
 26058 | Shoals:4 | Reached XP level 17. HP: 97/146 MP: 17/34
 26158 | Shoals:4 | Noticed a sphinx
 26295 | Shoals:4 | Killed a sphinx
 26455 | Shoals:4 | Noticed a sphinx
 26464 | Shoals:4 | Killed a sphinx
 26565 | Shoals:4 | Got a barnacled rune of Zot
 26591 | Shoals:4 | Identified the +0 robe "Hanuocala" {Harm +Blink}
 27161 | Elf:1    | Entered Level 1 of the Elven Halls
 27170 | Elf:1    | Identified the cursed +2 pair of gloves "Shackled Together"
                  | {Str+3, Dev, Cun} (You found it on level 3 of the Dungeon)
 27170 | Elf:1    | Identified the cursed +0 pair of boots "Portent of
                  | Ashenzari" {Bglg, Fort} (You found it on level 2 of the
                  | Dungeon)
 27310 | Elf:1    | Found a radiant altar of Vehumet.
 27601 | Elf:1    | Learned a level 4 spell: Dispel Undead
 27666 | Elf:1    | Identified the Omnibus of Collective Blows
 28587 | Elf:2    | Found a magical portal.
 28600 | Elf:2    | Found a shimmering blue altar of Sif Muna.
 28762 | Elf:2    | Found a runed translucent gate.
 28762 | Elf:2    | Found a runed translucent gate.
 28763 | Elf:2    | Found a runed translucent gate.
 28866 | Elf:2    | Identified the ring "Feuvumic" {rElec rF- rCorr MP+9 Str+4}
 28964 | WizLab   | Entered Lehudib's Moon Base
 29063 | WizLab   | Reached XP level 18. HP: 148/155 MP: 11/35
 29124 | WizLab   | Identified the +0 chain mail of Evolution {+Inv rF- Int+3}
 29333 | WizLab   | Identified the ring "Teeronko" {rElec rPois Str-4 Dex-4
                  | Stlth+}
 29448 | WizLab   | Noticed a moon troll
 29457 | WizLab   | Found a transporter.
 29555 | WizLab   | Reached skill level 10 in Shapeshifting
 29592 | WizLab   | Gained mutation: You are vulnerable to cold. (rC-) [a
                  | neqoxec]
 29600 | WizLab   | Gained mutation: You frequently scream uncontrollably at
                  | your foes. [a neqoxec]
 29604 | WizLab   | Found a transporter.
 29604 | WizLab   | Identified the +3 spear "Ohemoc" {holy, +Blink Dex+5}
 29605 | WizLab   | Identified the ring of Huis {Int+2 Dex+6}
 29783 | WizLab   | Killed a moon troll
 30037 | Elf:3    | Entered Level 3 of the Elven Halls
 30340 | Elf:3    | Found Tuockuex's Distillery.
 30373 | Elf:3    | Bought a potion of haste for 190 gold pieces
 30373 | Elf:3    | Bought a potion of heal wounds for 95 gold pieces
 30373 | Elf:3    | Bought a potion of curing for 57 gold pieces
 30373 | Elf:3    | Bought a potion of haste for 190 gold pieces
 30373 | Elf:3    | Bought a potion of might for 76 gold pieces
 30373 | Elf:3    | Bought a potion of berserk rage for 95 gold pieces
 30373 | Elf:3    | Bought a potion of mutation for 152 gold pieces
 30529 | Elf:3    | Found Ral Noud's Distillery.
 30539 | Elf:3    | Bought a potion of magic for 136 gold pieces
 30539 | Elf:3    | Bought a potion of curing for 51 gold pieces
 30539 | Elf:3    | Bought a potion of curing for 51 gold pieces
 30539 | Elf:3    | Bought a potion of berserk rage for 85 gold pieces
 31263 | Vaults:1 | Entered Level 1 of the Vaults
 31900 | Vaults:1 | Gained mutation: Your presence sometimes corrodes or
                  | deforms those you injure. [demonic ancestry]
 31900 | Vaults:1 | Reached XP level 19. HP: 155/161 MP: 30/36
 32300 | Vaults:1 | Paralysed by a formless jellyfish for 1 turns
 32835 | Vaults:1 | Paralysed by a formless jellyfish for 1 turns
 33086 | Vaults:2 | Acquired 1056 gold pieces
 33181 | Vaults:2 | Lost mutation: Your mind is acute. (Int +4, Str/Dex -1)
                  | [potion of mutation]
 33181 | Vaults:2 | Lost mutation: Your spells are harder to cast, but more
                  | powerful. [potion of mutation]
 33181 | Vaults:2 | Lost mutation: You frequently scream uncontrollably at your
                  | foes. [potion of mutation]
 33181 | Vaults:2 | Gained mutation: Potions are less effective at restoring
                  | your health. [potion of mutation]
 33182 | Vaults:2 | Lost mutation: Your muscles are strong. (Str +4, Int/Dex
                  | -1) [potion of mutation]
 33182 | Vaults:2 | Lost mutation: You are vulnerable to cold. (rC-) [potion of
                  | mutation]
 33182 | Vaults:2 | Lost mutation: Potions are less effective at restoring your
                  | health. [potion of mutation]
 33182 | Vaults:2 | Gained mutation: You frequently scream uncontrollably at
                  | your foes. [potion of mutation]
 33182 | Vaults:2 | Gained mutation: You occasionally lose the ability to read
                  | scrolls when taking damage. [potion of mutation]
 33182 | Vaults:2 | Gained mutation: Armour fits poorly on your strangely
                  | shaped body. [potion of mutation]
 33182 | Vaults:2 | Gained mutation: Your mind is acute. (Int +4, Str/Dex -1)
                  | [potion of mutation]
 33183 | Vaults:2 | Lost mutation: You frequently scream uncontrollably at your
                  | foes. [potion of mutation]
 33183 | Vaults:2 | Lost mutation: Your spells are a little harder to cast, but
                  | a little more powerful. [potion of mutation]
 33183 | Vaults:2 | Lost mutation: Armour fits poorly on your strangely shaped
                  | body. [potion of mutation]
 33183 | Vaults:2 | Gained mutation: You have a somewhat thin skeletal
                  | structure. (Dex +2, Stealth+) [potion of mutation]
 33184 | Vaults:2 | Lost mutation: You have a somewhat thin skeletal structure.
                  | (Dex +2, Stealth+) [potion of mutation]
 33184 | Vaults:2 | Lost mutation: Your mind is acute. (Int +4, Str/Dex -1)
                  | [potion of mutation]
 33184 | Vaults:2 | Lost mutation: You occasionally lose the ability to read
                  | scrolls when taking damage. [potion of mutation]
 33184 | Vaults:2 | Gained mutation: Your muscles are strong. (Str +4, Int/Dex
                  | -1) [potion of mutation]
 33184 | Vaults:2 | Gained mutation: Your mind is acute. (Int +4, Str/Dex -1)
                  | [potion of mutation]
 33184 | Vaults:2 | Gained mutation: You passively dampen the noise of your
                  | surroundings. [potion of mutation]
 33184 | Vaults:2 | Gained mutation: Your flesh is cold resistant. (rC+)
                  | [potion of mutation]
 33207 | Vaults:2 | Found a staircase to the Crypt.
 33339 | Vaults:2 | Noticed Asterion
 33349 | Vaults:2 | Killed Asterion
 33542 | Vaults:2 | Reached skill level 1 in Maces & Flails
 33917 | Vaults:2 | Reached skill level 5 in Fire Magic
 34572 | Orc:2    | Bought the +1 pair of boots of Generosity {rPois rCorr
                  | Stlth+} for 378 gold pieces
 35359 | Vaults:3 | Reached skill level 10 in Armour
 35904 | Vaults:3 | Reached XP level 20. HP: 165/168 MP: 26/37
 36753 | Vaults:3 | Identified the +4 quarterstaff of the Protecting Moth
                  | {heavy, rF++}
 37094 | Vaults:3 | Noticed Jory
 37105 | Vaults:3 | Killed Jory
 37820 | Vaults:4 | Noticed an ancient lich
 37828 | Vaults:4 | Killed an ancient lich
 38680 | Vaults:4 | Reached skill level 15 in Dodging
 38779 | Vaults:4 | Learned a level 2 spell: Lesser Beckoning
 38783 | Vaults:4 | Found Emeiph's Jewellery Shoppe.
 39222 | Vaults:5 | Entered Level 5 of the Vaults
 39472 | Snake:1  | Entered Level 1 of the Snake Pit
 39483 | Snake:1  | Found a transporter.
 39483 | Snake:1  | Identified the amulet of Vehumet's Pride {Spirit SInv}
 39485 | Snake:1  | Identified the +8 chain mail of Twilight {Harm rF- rN+++
                  | Dex-2}
 39580 | Snake:1  | Noticed Agnes
 39583 | Snake:1  | Banished Agnes
 39727 | Snake:1  | Reached skill level 10 in Spellcasting
 39738 | Snake:1  | Found a transporter.
 39776 | Snake:1  | Identified the +11 long sword "Otuotiz" {flame, rN+}
 39826 | Snake:1  | Found a stormy altar of Qazlal.
 40446 | Snake:1  | Identified the +10 spear "Ereif" {pain, Fragile rElec rCorr
                  | SInv}
 40447 | Snake:1  | Identified the amulet "Saulapi" {Acrobat rF+ Will+ Str+3
                  | Dex+3}
 40566 | Snake:2  | Noticed Vashnia
 40724 | Snake:2  | Banished Vashnia
 40855 | Snake:2  | Noticed Frances
 40864 | Snake:2  | Killed Frances
 41070 | Snake:2  | Noticed Nikola
 41087 | Snake:2  | Killed Nikola
 41352 | Snake:2  | Gained mutation: You have hooves in place of feet. [demonic
                  | ancestry]
 41352 | Snake:2  | Reached XP level 21. HP: 140/177 MP: 26/39
 42107 | Snake:3  | Reached skill level 10 in Ice Magic
 43095 | Snake:4  | Entered Level 4 of the Snake Pit
 44342 | Snake:4  | Reached skill level 5 in Conjurations
 44635 | Snake:4  | Got a serpentine rune of Zot
 45169 | Depths:1 | Entered Level 1 of the Depths
 45183 | Depths:1 | Learned a level 4 spell: Passage of Golubria
 45339 | Depths:1 | Found a gateway to Hell.
 45489 | Depths:1 | Found a one-way gate to the infinite horrors of the Abyss.
 45616 | Depths:1 | Voluntarily entered the Abyss.
 45635 | Abyss:1  | Gained mutation: Potions are less effective at restoring
                  | your health. [a cacodemon]
 45649 | Abyss:1  | Found a corrupted altar of Lugonu.
 45737 | Depths:1 | Escaped the Abyss
 45741 | Depths:1 | Voluntarily entered the Abyss.
 45762 | Abyss:1  | Killed Vashnia
 45773 | Abyss:1  | Lost mutation: Your muscles are strong. (Str +4, Int/Dex
                  | -1) [potion of mutation]
 45773 | Abyss:1  | Lost mutation: You passively dampen the noise of your
                  | surroundings. [potion of mutation]
 45773 | Abyss:1  | Lost mutation: Your flesh is cold resistant. (rC+) [potion
                  | of mutation]
 45773 | Abyss:1  | Gained mutation: Your flesh is heat resistant. (rF+)
                  | [potion of mutation]
 45774 | Abyss:1  | Lost mutation: Your flesh is heat resistant. (rF+) [potion
                  | of mutation]
 45774 | Abyss:1  | Lost mutation: You occasionally shout uncontrollably at
                  | your foes. [potion of mutation]
 45774 | Abyss:1  | Gained mutation: You are resistant to electric shocks.
                  | (rElec) [potion of mutation]
 45774 | Abyss:1  | Gained mutation: You have very sharp teeth. [potion of
                  | mutation]
 45775 | Abyss:1  | Lost mutation: You are resistant to electric shocks.
                  | (rElec) [potion of mutation]
 45775 | Abyss:1  | Lost mutation: Your mind is acute. (Int +4, Str/Dex -1)
                  | [potion of mutation]
 45775 | Abyss:1  | Lost mutation: Potions are less effective at restoring your
                  | health. [potion of mutation]
 45775 | Abyss:1  | Gained mutation: You are dopey. (Int -2) [potion of
                  | mutation]
 45782 | Abyss:3  | Found a corrupted altar of Lugonu.
 45931 | Abyss:3  | Gained mutation: You can speak a Word of Chaos. [demonic
                  | ancestry]
 45931 | Abyss:3  | Reached XP level 22. HP: 174/186 MP: 23/40
 46171 | Abyss:3  | Found a corrupted altar of Lugonu.
 46335 | Abyss:3  | Reached skill level 10 in Necromancy
 46339 | Abyss:3  | Found a corrupted altar of Lugonu.
 46409 | Abyss:3  | Found a corrupted altar of Lugonu.
 46414 | Abyss:3  | Found a corrupted altar of Lugonu.
 46414 | Abyss:3  | Found a corrupted altar of Lugonu.
 46562 | Abyss:3  | Reached skill level 10 in Fire Magic
 46589 | Abyss:3  | Found a corrupted altar of Lugonu.
 46881 | Abyss:3  | Reached skill level 15 in Fighting
 46896 | Abyss:3  | Found a corrupted altar of Lugonu.
 46915 | Abyss:3  | Found a corrupted altar of Lugonu.
 46915 | Abyss:3  | Found a corrupted altar of Lugonu.
 47125 | Abyss:3  | Killed from afar by a yellow draconian annihilator
                  | (illusionary)

Illustrated notes

Levels and vault maps discovered:
D:1:      tarquinn_simple_flora_water_d, layout_basic, minmay_misc_feat_five,
          roderic_roman_lattice
D:2:      layout_rooms, serial_shops, nicolae_shop_tiny_waterfront
D:3:      layout_loops_ring, chequers_temple_overflow_statue_of_worship,
          serial_shops, nicolae_shop_just_a_little_nook, uniq_crazy_yiuf_cottage
D:4:      layout_cave_pools, old_standard_altar, minmay_temple_entry_ruins,
          portal_sewer_entry_a, uniq_menkaure
D:5:      layout_cave_pools, grunt_temple_overflow_magic_moments,
          overflow_temple_1_default, kennysheep_flooded_box,
          dreamdust_wishing_well
D:6:      layout_basic, minmay_misc_feat_doors, minmay_manual_moon
D:7:      layout_basic, serial_shops, nicolae_shop_tiny_glass
D:8:      layout_loops_ring, st_stairs_13, uniq_psyche
D:9:      wad_woods_tower, layout_basic, mainiacjoe_overflow_paths,
          lemuel_round_altar, david_lair_generic, hiddenorc1_lemuel,
          nrook_pool_corridor, uniq_erolcha
D:10:     layout_basic, minmay_starry_boxes
D:11:     layout_long_grid, nicolae_trove_entry_crossroad
D:12:     layout_irregular_city, minmay_statue_crystal_thing, uniq_jorgrun,
          uniq_rupert, uniq_nessos
D:13:     layout_grid_maze, nicolae_eternal_life, elyvilon_altar_5,
          uniq_josephine, uniq_azrael
D:14:     layout_irregular_city, david_vaults_2, minivault_4,
          serial_park_tiny_1, minmay_checkerbox
D:15:     grunt_enter_depths_hoard, layout_basic, serial_aquarium,
          aquarium_bridge_square [aquarium_subvault_bridge,
          aquarium_subvault_bridge, aquarium_subvault_bridge,
          aquarium_subvault_balcony], aquarium_bridge_long_separate
          [aquarium_subvault_wall, aquarium_subvault_wall,
          aquarium_subvault_bridge, aquarium_subvault_bridge,
          aquarium_subvault_bridge, aquarium_subvault_window],
          aquarium_window_corridor_3, aquarium_window_2, aquarium_window_1,
          aquarium_view_2c, aquarium_view_2d
Temple:   nicolae_temple_bog_church
Lair:1:   layout_roguey, infiniplex_staircase_pool, grunt_megastairs_2
Lair:2:   layout_loops_ring, nicolae_snake_entry_warm_welcome
Lair:3:   layout_gridlike, minmay_shoals_entry_beasts, serial_rivers,
          chequers_serial_rivers_micro_b, chequers_serial_rivers_micro_d,
          chequers_serial_rivers_micro_a, chequers_serial_rivers_small_b,
          chequers_serial_rivers_large_a, chequers_serial_rivers_micro_b,
          infiniplex_staircase_pool_2
Lair:4:   layout_concentric_octagons, nicolae_quartered_pool_medium
Lair:5:   guppyfry_lair_end_dragon, layout_cave_pods, wormcave,
          minmay_slime_entry_jelly_boxes, portal_ice_cave_entry_imps,
          hibernation_bobbens
Shoals:1: layout_shoals
Shoals:2: layout_shoals
Shoals:3: layout_shoals, uniq_mlioglotl
Shoals:4: shoals_end_hellmonk_lost_city, uniq_polyphemus
Snake:1:  gammafunk_its_a_trap, layout_gridlike, lemuel_oklob_altar, uniq_agnes
Snake:2:  layout_gridlike, uniq_frances, uniq_nikola, uniq_vashnia
Snake:3:  layout_basic, st_stairs_13, nicolae_snake_double_loop,
          nicolae_large_snake_swirl
Snake:4:  snake_pit_salamanders_mu, layout_basic
Orc:1:    layout_diamond_mine, serial_shops, shop_fountains
Orc:2:    st_orc_rangers, layout_caves, nicolae_shop_firing_range
Elf:1:    eino_elf_arrival_altar, layout_gridlike, minmay_elf_sorcery,
          hangedman_elven_crosses_minicolossus
Elf:2:    nicolae_elf_blades_splatter_lattice [nicolae_blade_entry_antechamber],
          layout_geoelf_octagon, basic_altar, lightli_enter_wizlab_magi_temple
Elf:3:    minmay_elf_hall, layout_geoelf_castle, serial_shops, shop,
          nicolae_shop_waterfront, uniq_norris
Vaults:1: nicolae_vaults_trapezoid_lopsided_1, nicolae_vaults_tetromino_T_1,
          nicolae_vaults_apartment_2, v_misc_27, v_misc_12,
          nicolae_vaults_fighting_squares, vaults_dpeg_ring,
          vaults_room_grunt_arrival_ludios, hangedman_vaults_snaps,
          layout_vaults_omnigrid
Vaults:2: nicolae_vaults_apartment_1, st_lines, nicolae_vaults_lightning_bolt,
          v_rooms_2, vaults_dpeg_spiral, minmay_crypt_entry_simple_walls,
          nicolae_vaults_twisting_passages, v_alt_pattern_5,
          nicolae_vaults_tetromino_Z_2, ontoclasm_vaults_misaligned, v_misc_33,
          nicolae_vaults_more_shelving_2, nicolae_vaults_surprise_closet,
          layout_vaults_maze_snakey, uniq_asterion
Vaults:3: nicolae_vaults_double_plus_1, ontoclasm_vaults_eye, v_misc_3,
          nicolae_vaults_apartment_1, vaults_room_fancy_cross, v_pattern_1,
          hangedman_vaults_stagger, nicolae_vaults_tetromino_Z_2,
          nicolae_vaults_little_squares_3, nicolae_vaults_yaktaur_gun_rack,
          grunt_vaults_funnel, layout_vaults_chaotic_city, uniq_jory
Vaults:4: nicolae_vaults_shelves_hall, nicolae_vaults_disjoint_gnomons,
          nicolae_vaults_little_squares_3, vaults_dpeg_cross,
          hangedman_vaults_pinch, v_misc_11,
          nicolae_vaults_antechamber_and_loot_room,
          nicolae_vaults_tetromino_T_1, layout_vaults_ring, serial_shops, shop
Vaults:5: serial_shops, uniq_margery, uniq_bai_suzhen, uniq_mennas
Depths:1: cheibrodos_hall_of_evolution, layout_cave_shapes,
          chequers_serial_rivers_micro_b, hell_entry, abyss_entry,
          brannock_guarded_unrand_thermic_engine, infiniplex_staircase_pool_lava
Abyss:3:  base: Vaults:4, base: Lair:5, spicy_abyss_pitcher_plant,
          gammafunk_abyss_rune_reverse_zot, gammafunk_abyss_rune_reverse_zot,
          hangedman_abyss_exit_choices, evilmike_abyss_exit_13,
          hangedman_abyss_or_decor_jellyfish_corner, evilmike_abyss_exit_1,
          lemuel_firewalk_3, due_exit_kobolds, hangedman_abyss_shoalhut,
          hangedman_abyss_shoalhut, evilmike_abyss_rune_tso_outpost

Skill      XL: |  1  2  3  4  5  6  7  8  9 10 11 12 13 14 15 16 17 18 19 20 21 22 |
---------------+-------------------------------------------------------------------+-----
Dodging        | 2 3 5 6 7 8 9 10 11 12 14 15 | 15.8
Stealth        | 2 |  2.0
Fighting       | 1 2 3 4 5 7 8 9 10 11 12 13 14 15 | 15.0
Ice Magic      | 4 5 6 7 8 9 10 | 10.9
Spellcasting   | 3 4 6 7 8 9 10 | 10.4
Staves         | 1 3 4 6 7 8 9 10 11 12 13 | 13.1
Translocations | 1 3 4 6 7 8 9 |  9.8
Armour         | 3 4 6 7 8 9 10 11 | 11.7
Summonings     | 1 4 |  4.7
Necromancy     | 3 5 6 7 8 9 10 | 10.3
Evocations     | 2 4 7 11 12 13 | 13.3
Fire Magic     | 1 4 5 7 9 10 | 10.3
Conjurations   | 1 3 5 6 |  6.7
Shapeshifting  | 3 5 8 12 13 | 13.6
Maces & Flails | 2 3 |  3.1

Action                     |  1- 3 |  4- 6 |  7- 9 | 10-12 | 13-15 | 16-18 | 19-21 | 22-24 || total
---------------------------+-------+-------+-------+-------+-------+-------+-------+-------++-------
  Melee: Unarmed           |    14 |       |       |       |       |       |       |       ||    14
         Whip              |   109 |     5 |       |       |       |       |       |       ||   114
         Punch             |     2 |       |       |       |       |       |       |       ||     2
         Quarterstaff      |       |    58 |       |       |       |       |       |       ||    58
         Lajatang          |       |       |   213 |   363 |  1031 |   801 |  1237 |   339 ||  3984
         Kick              |       |       |       |       |       |       |   155 |   155 ||   310
         Bite              |       |       |       |       |       |       |     7 |    66 ||    73
   Cast: Freeze            |    38 |    11 |     5 |       |    11 |       |       |       ||    65
         Frozen Ramparts   |     1 |     8 |    19 |    14 |    40 |    13 |    17 |       ||   112
         Ozocubu's Armour  |       |     4 |     5 |     4 |    15 |     9 |    10 |       ||    47
         Manifold Assault  |       |       |     6 |     9 |    48 |    28 |    28 |     2 ||   121
         Summon Ice Beast  |       |       |       |     2 |     8 |     4 |     7 |     1 ||    22
         Simulacrum        |       |       |       |       |    17 |   140 |   275 |    24 ||   456
         Fireball          |       |       |       |       |    26 |    68 |    44 |     3 ||   141
         Sublimation of Bl |       |       |       |       |     8 |    42 |    68 |     2 ||   120
         Flame Wave        |       |       |       |       |       |     2 |       |       ||     2
         Dispel Undead     |       |       |       |       |       |     5 |    26 |    11 ||    42
         Lesser Beckoning  |       |       |       |       |       |       |    31 |     3 ||    34
         Passage of Golubr |       |       |       |       |       |       |     2 |       ||     2
 Invoke: Curse Item        |       |       |     3 |     1 |     4 |       |     1 |       ||     9
         Shatter the Chain |       |       |       |       |       |       |     1 |       ||     1
  Evoke: Wand              |       |       |       |       |     3 |     1 |     6 |     5 ||    15
         Sack of spiders   |       |       |       |       |       |       |     1 |       ||     1
    Use: Scroll            |     2 |     9 |     8 |     1 |     9 |     3 |     3 |     1 ||    36
         Potion            |       |     4 |     1 |       |     5 |     9 |    10 |     4 ||    33
   Stab: Sleeping          |     9 |     2 |     1 |     2 |     2 |     2 |    10 |       ||    28
         Distracted        |     1 |     1 |       |       |     2 |     3 |     3 |     3 ||    13
 Armour: Robe              |    53 |    33 |    21 |       |       |       |       |       ||   107
         Ring mail         |       |       |    76 |   163 |   446 |   626 |   679 |   174 ||  2164
         Skin              |       |       |       |       |       |       |     7 |       ||     7
  Dodge: Dodged            |   130 |    82 |   147 |   239 |   766 |   697 |   825 |   262 ||  3148
  Block: Other             |    16 |    13 |    80 |   141 |   468 |   371 |   476 |   143 ||  1708
         Form:             |       |       |       |       |       |     1 |     3 |       ||     4
         Statue            |       |       |       |       |       |     1 |     3 |       ||     4

Table legend: (Time is in decaauts)
 A = Elapsed time spent in this place.
 B = Non-inter-level travel time spent in this place.
 C = Inter-level travel time spent in this place.
 D = Time resting spent in this place.
 E = Time spent auto-exploring this place.
 F = Levels seen in this place.
 G = Mean time per level.
                   A        B        C        D        E       F      G
               +--------+--------+--------+--------+--------+-----+--------+
         Total |  46881 |  44105 |   2776 |     18 |  31040 |  47 |  997.5 |
       Dungeon |  14417 |  13353 |   1064 |     18 |  10543 |  15 |  961.1 |
        Temple |     27 |     11 |     16 |      0 |      0 |   1 |   27.0 |
          Lair |   6161 |   5691 |    470 |      0 |   4511 |   5 | 1232.2 |
        Shoals |   5357 |   5170 |    187 |      0 |   4032 |   4 | 1339.2 |
     Snake Pit |   5409 |   5213 |    196 |      0 |   3566 |   4 | 1352.2 |
  Orcish Mines |   1258 |    915 |    343 |      0 |    649 |   2 |  629.0 |
   Elven Halls |   2913 |   2761 |    152 |      0 |   1407 |   3 |  971.0 |
        Vaults |   7576 |   7231 |    345 |      0 |   5091 |   5 | 1515.2 |
        Depths |    433 |    433 |      0 |      0 |    194 |   1 |  433.0 |
         Abyss |   1401 |   1401 |      0 |      0 |     38 |   4 |  350.2 |
         Sewer |    351 |    351 |      0 |      0 |    225 |   1 |  351.0 |
      Ice Cave |    748 |    748 |      0 |      0 |    461 |   1 |  748.0 |
        Wizlab |    824 |    824 |      0 |      0 |    320 |   1 |  824.0 |
               +--------+--------+--------+--------+--------+-----+--------+

Top non-repeatable levels by time:
Vaults:3: 2430 daAuts
Vaults:1: 1841 daAuts
  Lair:5: 1786 daAuts
Vaults:2: 1714 daAuts
Vaults:4: 1587 daAuts
 Snake:4: 1582 daAuts
Shoals:3: 1572 daAuts
  Lair:3: 1491 daAuts
 Snake:3: 1486 daAuts
Shoals:1: 1471 daAuts
   Elf:1: 1454 daAuts
     D:6: 1355 daAuts
Shoals:2: 1271 daAuts
     D:9: 1249 daAuts
 Abyss:3: 1241 daAuts
